 Dungeon Crawl Stone Soup version 0.27-a0-1188-g73eefd5def (webtiles) character file.

Game seed: 13095909792092884917

73677 Conn the Thaumaturge (level 15, -3/88 HPs)
             Began as an Octopode Fire Elementalist on May 22, 2021.
             Was an Elder of Sif Muna.
             Slain by a vault guard
             ... wielding a +0 broad axe
              (20 damage)
             ... on level 14 of the Dungeon.
             The game lasted 02:05:46 (32776 turns).

Conn the Thaumaturge (Octopode Fire Elementalist)  Turns: 32776, Time: 02:05:49

Health: -3/88      AC:  5    Str: 10    XL:     15   Next: 44%
Magic:  19/31      EV: 16    Int: 22    God:    Sif Muna [****..]
Gold:   508        SH:  5    Dex: 20    Spells: 2/39 levels left

rFire    + . .     SeeInvis .   b - staff of fire
rCold    . . .     Faith    .   (no shield)
rNeg     + . .     Spirit   .   (helmet restricted)
rPois    +         Reflect  +   q - amulet of reflection
rElec    .         Harm     .   e - +4 ring of protection
rCorr    +         Rampage  .   t - ring of poison resistance
Will     ++...                  C - ring of positive energy
Stlth    +++++.....             I - ring of resist corrosion
HPRegen  0.24/turn              (no ring)
MPRegen  0.22/turn              N - +6 ring of dexterity
                                (no ring)
                                (no ring)

@: no status effects
A: almost no armour, amphibious, 8 rings, camouflage 1, gelatinous body 1,
(nimble swimmer 1), tentacles, antennae 1, agile 1, strong-willed 1
a: Renounce Religion, Channel Magic, Forget Spell, Divine Exegesis


You were on level 14 of the Dungeon.
You worshipped Sif Muna.
Sif Muna was greatly pleased with you.
You visited 3 branches of the dungeon, and saw 21 of its levels.

You collected 1418 gold pieces.
You spent 910 gold pieces at shops.

Inventory:

Hand Weapons
 a - the +2 dagger of Tuvec {freeze, rF+ Will+ SInv}
   (You found it on level 5 of the Lair of Beasts)

   It has been specially enchanted to freeze those struck by it, causing extra
   injury to most foes and up to half again as much damage against particularly
   susceptible opponents.
   It can also slow down cold-blooded creatures.
   It protects you from fire.
   It lets you see invisible.
   It increases your willpower.
 g - a +5 short sword
 j - a +1 dagger of venom
 G - a +0 short sword of electrocution
 J - the +3 hand axe of Woattigg {vamp, +Blink}
   (You found it on level 10 of the Dungeon)

   It inflicts no extra harm, but heals its wielder when it wounds a living foe.
   It lets you blink.
Missiles
 i - 122 poisoned darts
 B - 3 curare-tipped darts
 M - 95 sling bullets
Armour
 P - a +0 buckler
Magical Staves
 b - a staff of fire (weapon)
Jewellery
 e - a +4 ring of protection (left tentacle)
 q - an amulet of reflection (around mantle)
 t - a ring of poison resistance (right tentacle)
 w - a ring of ice
 C - a ring of positive energy (on tentacle)
 I - a ring of resist corrosion (on tentacle)
 L - an amulet of guardian spirit
 N - a +6 ring of dexterity (on tentacle)
Wands
 f - a wand of digging (10)
 l - a wand of iceblast (6)
 r - a wand of flame (12)
 u - a wand of polymorph (8)
 z - a wand of mindburst (42)
 K - a wand of acid (6)
Scrolls
 c - 5 scrolls of enchant weapon
 h - a scroll of magic mapping
 n - 8 scrolls of teleportation
 p - 5 scrolls of amnesia
 x - 9 scrolls of identify
Potions
 d - 2 potions of might
 k - a potion of cancellation
 m - a potion of heal wounds
 o - a potion of attraction
 s - 2 potions of haste
 v - 4 potions of flight
 A - a potion of magic
 D - 6 potions of mutation
 E - 2 potions of curing
 H - 2 potions of resistance
Miscellaneous
 y - a piece from Xom's chessboard (15/15)
 F - a phial of floods


   Skills:
 + Level 3.4 Fighting
 + Level 4.9 Short Blades
 + Level 0.1 Axes
 + Level 1.0 Staves
 + Level 5.3 Dodging
 + Level 7.9 Stealth
 + Level 3.0 Shields
 + Level 0.4 Unarmed Combat
 + Level 12.6 Spellcasting
 + Level 12.2 Conjurations
 - Level 4.1 Translocations
 + Level 12.3 Fire Magic
 * Level 6.8 Air Magic
 + Level 5.0 Earth Magic
 - Level 4.4 Poison Magic
 - Level 7.0 Invocations
 + Level 2.0 Evocations


You had 2 spell levels left.
You knew the following spells:

 Your Spells              Type           Power      Damage    Failure   Level
a - Foxfire               Conj/Fire      100%       2x1d9     1%          1
b - Conjure Flame         Conj/Fire      80%        6-21      1%          3
c - Inner Flame           Hex/Fire       58%        N/A       1%          3
d - Sticky Flame          Conj/Fire      80%        2d9       1%          4
e - Fireball              Conj/Fire      40%        3d16      1%          5
f - Blink                 Tloc           N/A        N/A       1%          2
g - Mephitic Cloud        Conj/Pois/Air  48%        N/A       1%          3
h - Stone Arrow           Conj/Erth      100%       3d13      1%          3
i - Airstrike             Air            22%        N/A       2%          4
j - Iskenderun's Battles  Conj           61%        2d11      1%          5
k - Iskenderun's Mystic   Conj/Tloc      49%        2d11      1%          4

Your spell library contained the following spells:

 Spells                   Type           Power      Damage    Failure   Level
 Magic Dart               Conj           100%       1d8       1%          1
 Sandblast                Erth           70%        2d15      1%          1
 Shock                    Conj/Air       100%       1d9       1%          1
 Static Discharge         Conj/Air       54%        N/A       1%          2
 Passwall                 Tmut/Erth      20%        N/A       2%          2
 Corona                   Hex            14%        N/A       4%          1
 Summon Small Mammal      Summ           52%        N/A       4%          1
 Call Imp                 Summ           13%        N/A       7%          2
 Slow                     Hex            13%        N/A       7%          2
 Swiftness                Air            44%        N/A       1%          3
 Bolt of Magma            Conj/Fire/Erth 36%        4d16      2%          5
 Lightning Bolt           Conj/Air       27%        1d43      2%          5
 Portal Projectile        Hex/Tloc       46%        N/A       6%          3
 Olgreb's Toxic Radiance  Pois           33%        N/A       8%          4
 Summon Lightning Spire   Summ/Air       29%        N/A       11%         4
 Call Canine Familiar     Summ           13%        N/A       14%         3
 Summon Guardian Golem    Hex/Summ       13%        N/A       14%         3
 Leda's Liquefaction      Hex/Erth       12%        N/A       17%         4
 Petrify                  Tmut/Erth      24%        N/A       17%         4
 Lee's Rapid Deconstruct  Erth           17%        3d12*     17%         5
 Iron Shot                Conj/Erth      25%        9d5       21%         6
 Orb of Destruction       Conj           30%        9d12      26%         7
 Animate Dead             Necr           6%         N/A       43%         4
 Cause Fear               Hex            6%         N/A       43%         4
 Summon Ice Beast         Ice/Summ       13%        N/A       43%         4
 Statue Form              Tmut/Erth      16%        N/A       95%         6
 Spellforged Servitor     Conj/Summ      20%        N/A       97%         7
 Shatter                  Erth           17%        3d16*     100%        9
 Animate Armour           Summ/Erth      Unusable   N/A       N/A         4

Dungeon Overview and Level Annotations

Branches:
Dungeon (14/15)            Temple (1/1) D:5            Lair (6/6) D:10
 Shoals (0/4) Lair:2        Snake (0/4) Lair:4        Slime (0/5) Lair:6
    Orc (0/2) D:12
 Vaults: D:13-14

Altars:
Ashenzari
Cheibriados
Dithmenos
Elyvilon
Fedhas
Gozag
Hepliaklqana
Kikubaaqudgha
Makhleb
Nemelex Xobeh
Okawaru
Qazlal
Ru
Sif Muna
Trog
Uskayaw
Vehumet
Wu Jian
Xom
Yredelemnul
Zin
The Shining One

Shops:
D:1 *   D:9 :

Annotations:
D:3 2 transporters, Fawit's ghost, amateur HuFi
Lair:3 exclusion: 3 oklob plants
Lair:6 2 runed translucent doors


Innate Abilities, Weirdness & Mutations

You cannot wear most types of armour.
You are amphibious.
You can wear up to eight rings at the same time.
Your skin changes colour to match your surroundings (Stealth+).
Your rubbery body absorbs attacks. (AC +1, EV +1)
((You are camouflaged near water. (Stealth+)))
You have tentacles for arms and can constrict up to eight enemies at once.
You have a pair of small antennae on your head.
You are agile. (Dex +2)
You are strong-willed. (Will+)


Message History

The vault guard is moderately wounded.
The vault guard is covered in liquid flames!
The vault guard burns!
The vault guard is engulfed in blazing flames.
The vault guard misses you.
You hit the vault guard but do no damage.
Your grab misses the vault guard. You squeeze the vault guard.
The vault guard is moderately wounded.
The vault guard burns!
The vault guard hits you with a +0 broad axe.
You hit the vault guard but do no damage.
You burn the vault guard. You grab the vault guard.
You squeeze the vault guard, but do no damage.
The vault guard is moderately wounded.
You constrict the vault guard.
The vault guard burns!
The human barely misses you. The vault guard barely misses you.
You hit the vault guard.
The vault guard is heavily wounded.
You constrict the vault guard, but do no damage.
The vault guard burns!
The human hits you from afar with a +0 glaive!
The vault guard hits you with a +0 broad axe!
You hit the vault guard but do no damage.
The vault guard is severely wounded.
You constrict the vault guard.
The vault guard burns! x2
The vault guard stops burning.
The human hits you from afar with a +0 glaive.
The vault guard barely misses you.
You hit the vault guard but do no damage.
The vault guard is severely wounded.
You constrict the vault guard. You block the human's attack.
The vault guard hits you with a +0 broad axe!
You hit the vault guard but do no damage.
You burn the vault guard.
The vault guard is almost dead.
You constrict the vault guard.
The human hits you from afar with a +0 glaive!!
* * * LOW HITPOINT WARNING * * *
The vault guard hits you with a +0 broad axe!!
You die...

.......# ###.##
######## #.# .# #.#
.### #.# # ...# ##.#
####.## ##.#####
#..# ......#
.......# ##.####
......# .......###
#...[p#######......#
.......(>#
#.###@§p...........#
.......#.#
#.#...#######p.....#
.......# #.#)###
....... .......#
..#...# .H.###+
.......# #.#####
...# #####.## #.
#### .# ##


You could see a vault guard and a human.

Vanquished Creatures
  Jorgrun (D:12)
  Kirke (Lair:6)
  The ghost of Quifiutz the Spear-Bearer, a journeyman DsGl of Okawaru (Lair:3)
  9 hydras
  2 boulder beetles
  A vault guard (D:14)
  3 centaur warriors
  Erica (D:8)
  An ogre mage (D:11)
  A catoblepas (Lair:6)
  10 two-headed ogres
  3 death yaks (Lair:3)
  Urug (D:12)
  5 skeletal warriors (D:14)
  Pikel (D:6)
  An orc knight (D:12)
  2 deep elf pyromancers
  An ugly thing (D:12)
  2 manticores
  A merfolk siren (Lair:2)
  8 elephants
  5 oklob plants
  8 black mambas
  An ice statue (D:10)
  Maurice (D:9)
  2 molten gargoyles (Lair:6)
  16 cane toads
  2 gargoyles
  7 rime drakes
  7 komodo dragons
  2 tengu conjurers
  4 trolls
  3 hornets
  A queen bee (D:10)
  3 polar bears
  4 blink frogs
  11 slime creatures
  Grinder (D:6)
  5 dream sheep (Lair:5)
  Sigmund (D:6)
  45 yaks
  Eustachio (D:4)
  A wraith (D:12)
  5 wyverns
  A human (shapeshifter) (D:14)
  2 steam dragons
  2 humans (D:14)
  4 basilisks
  2 vampire mosquitoes (D:10)
  4 nagas (Lair:4)
  2 wargs (D:10)
  4 hell hounds (Lair:6)
  9 water moccasins
  A black bear (D:4)
  2 sky beasts
  9 orc warriors
  3 ogres
  23 wolves
  5 centaurs
  2 lemures (D:6)
  6 kobold brigands
  8 bullfrogs
  2 gnoll sergeants
  3 scorpions
  A water moccasin zombie (D:5)
  2 wyvern skeletons
  19 killer bees
  An electric eel (D:10)
  A howler monkey (D:7)
  2 centaur zombies
  4 hounds
  7 orc priests
  3 gnoll shamans
  2 jellies (Lair:6)
  2 bullfrog skeletons
  12 orc wizards
  A hound zombie (D:5)
  2 howler monkey zombies
  A howler monkey skeleton (D:6)
  15 gnolls
  8 adders
  A shadow imp (D:6)
  2 ufetubi (D:4)
  An adder skeleton (D:2)
  5 worms
  2 dart slugs
  28 orcs
  6 bats
  12 endoplasms
  5 giant cockroaches
  9 goblins
  3 hobgoblins
  9 jackals
  27 kobolds
  9 ball pythons
  3 frilled lizards
  5 rats
  2 foxfires (Lair:1)
498 creatures vanquished.

Vanquished Creatures (collateral kills)
  An orc priest (D:10)
  8 foxfires
9 creatures vanquished.

Vanquished Creatures (others)
  A hydra (Lair:6)
  A wyvern (Lair:6)
  2 hogs (Lair:6)
  A yak (Lair:6)
  A human (D:14)
  An electric eel (D:10)
  A bush (Lair:1)
  1056 foxfires
  45 fungi
  121 plants
1230 creatures vanquished.

Grand Total: 1737 creatures vanquished

Notes
Turn   | Place    | Note
-------+----------+-------------------------------------------
     0 | D:1      | Conn the Octopode Fire Elementalist began the quest for the
                  | Orb.
     0 | D:1      | Reached XP level 1. HP: 11/11 MP: 3/3
   209 | D:1      | Found Haigher's General Store.
   302 | D:1      | Reached XP level 2. HP: 14/17 MP: 0/5
  1245 | D:2      | Reached XP level 3. HP: 21/21 MP: 4/6
  1249 | D:2      | Learned a level 3 spell: Conjure Flame
  1896 | D:3      | Reached XP level 4. HP: 27/27 MP: 7/7
  1970 | D:3      | Learned a level 3 spell: Inner Flame
  2066 | D:3      | Reached XP level 5. HP: 27/31 MP: 6/8
  2300 | D:3      | Found a transporter.
  2300 | D:3      | Noticed Fawit's ghost (amateur HuFi)
  2303 | D:3      | Found a transporter.
  2398 | D:3      | Found a faded altar of an unknown god.
  2929 | D:4      | Noticed a black bear
  2936 | D:4      | Killed a black bear
  2937 | D:4      | Reached XP level 6. HP: 12/36 MP: 10/10
  3255 | D:4      | Reached skill level 1 in Short Blades
  3925 | D:4      | Noticed Eustachio
  3934 | D:4      | Killed Eustachio
  3935 | D:4      | Reached XP level 7. HP: 25/42 MP: 9/12
  4265 | D:5      | Entered Level 5 of the Dungeon
  4513 | D:5      | Found a sacrificial altar of Ru.
  4538 | D:5      | You fall into a shaft and drop 2 floors!
  4563 | D:6      | Noticed Sigmund
  4569 | D:6      | Killed Sigmund
  4570 | D:6      | Reached skill level 1 in Fighting
  4570 | D:6      | Reached skill level 5 in Stealth
  4570 | D:6      | Reached skill level 5 in Fire Magic
  4570 | D:6      | Reached XP level 8. HP: 48/48 MP: 14/14
  4884 | D:5      | Learned a level 4 spell: Sticky Flame
  4890 | D:5      | Learned a level 5 spell: Fireball
  5130 | D:5      | Reached skill level 5 in Conjurations
  5380 | D:5      | Found a staircase to the Ecumenical Temple.
  5393 | Temple   | Entered the Ecumenical Temple
  5473 | Temple   | Became a worshipper of Sif Muna the Loreminder
  5597 | D:5      | Reached skill level 5 in Spellcasting
  5893 | D:6      | You fall into a shaft and drop 2 floors!
  5976 | D:8      | Noticed a yak
  5983 | D:8      | Killed a yak
  6167 | D:8      | Noticed a hornet
  6172 | D:8      | Killed a hornet
  6173 | D:8      | Reached skill level 1 in Shields
  6173 | D:8      | Reached XP level 9. HP: 36/54 MP: 11/17
  6173 | D:8      | Noticed Erica
  6173 | D:8      | Noticed a troll
  6188 | D:8      | Noticed a hornet
  6194 | D:8      | Killed a hornet
  6473 | D:7      | Found an opulent altar of Gozag.
  6495 | D:6      | Noticed Pikel
  6675 | D:6      | Killed Pikel
  7250 | D:7      | Noticed a hornet
  7259 | D:7      | Killed a hornet
  7356 | D:7      | Reached * piety under Sif Muna
  7545 | D:7      | Found an ornate altar of the Wu Jian Council.
  8010 | D:6      | Reached XP level 10. HP: 61/61 MP: 20/20
  8281 | D:6      | Found a hazy altar of Hepliaklqana.
  8348 | D:6      | Noticed Grinder
  8356 | D:6      | Killed Grinder
  8925 | D:8      | Killed Erica
  9270 | D:8      | Found a glowing golden altar of the Shining One.
 10145 | D:9      | Reached ** piety under Sif Muna
 10512 | D:9      | Noticed Maurice
 10562 | D:9      | Gained mutation: You are agile. (Dex +2) [potion of
                  | mutation]
 10562 | D:9      | Gained mutation: You are strong-willed. (Will+) [potion of
                  | mutation]
 10562 | D:9      | Gained mutation: You have a pair of small antennae on your
                  | head. [potion of mutation]
 10586 | D:9      | Killed Maurice
 10901 | D:9      | Noticed a deep elf pyromancer
 10907 | D:9      | Killed a deep elf pyromancer
 10908 | D:9      | Reached XP level 11. HP: 12/66 MP: 3/22
 11646 | D:9      | Found Vufu's Book Shoppe.
 11654 | D:9      | Bought a book of Minor Magic for 280 gold pieces
 11657 | D:9      | Learned a level 2 spell: Blink
 11661 | D:9      | Learned a level 3 spell: Mephitic Cloud
 11665 | D:9      | Learned a level 3 spell: Stone Arrow
 11695 | D:9      | Found a blossoming altar of Fedhas.
 11716 | D:9      | Noticed an oklob plant
 11770 | D:9      | Killed an oklob plant
 11771 | D:9      | Reached skill level 1 in Poison Magic
 12869 | D:10     | Entered Level 10 of the Dungeon
 12887 | D:10     | Identified the +3 hand axe of Woattigg {vamp, +Blink}
 12918 | D:10     | Reached skill level 1 in Invocations
 13246 | D:10     | Found a staircase to the Lair.
 13345 | D:10     | Reached skill level 1 in Air Magic
 13602 | D:10     | Noticed a two-headed ogre
 13608 | D:10     | Reached *** piety under Sif Muna
 13618 | D:10     | Killed a two-headed ogre
 13722 | D:10     | Found a broken altar of Ashenzari.
 13722 | D:10     | Found a bloodstained altar of Trog.
 13763 | D:10     | Reached skill level 1 in Translocations
 13768 | D:10     | Reached skill level 1 in Earth Magic
 14047 | Lair:1   | Entered Level 1 of the Lair of Beasts
 14688 | Lair:1   | Reached XP level 12. HP: 46/72 MP: 12/24
 14768 | Lair:1   | Noticed a six-headed hydra
 14774 | Lair:1   | Killed a six-headed hydra
 15724 | Lair:1   | Reached **** piety under Sif Muna
 16780 | Lair:2   | Noticed a seven-headed hydra
 16787 | Lair:2   | Killed a seven-headed hydra
 16892 | Lair:2   | Found a transporter.
 16926 | Lair:2   | Noticed a six-headed hydra
 16936 | Lair:2   | Killed a six-headed hydra
 16937 | Lair:2   | Reached skill level 10 in Fire Magic
 17094 | Lair:2   | Found a staircase to the Shoals.
 17494 | Lair:2   | Noticed Quifiutz's ghost (journeyman DsGl)
 17495 | Lair:2   | Found a transporter.
 17716 | Lair:2   | Reached skill level 10 in Conjurations
 18853 | Lair:3   | Reached XP level 13. HP: 59/77 MP: 11/26
 19351 | Lair:3   | Reached skill level 10 in Spellcasting
 20036 | Lair:3   | Killed Quifiutz's ghost
 20109 | Lair:3   | Reached skill level 5 in Dodging
 21000 | Lair:3   | Learned a level 4 spell: Airstrike
 21513 | Lair:4   | Reached skill level 5 in Invocations
 21943 | Lair:5   | Reached skill level 5 in Earth Magic
 22142 | Lair:5   | Identified the +2 dagger of Tuvec {freeze, rF+ Will+ SInv}
 23635 | Lair:4   | Reached XP level 14. HP: 83/83 MP: 12/29
 24211 | Lair:4   | Found a staircase to the Snake Pit.
 24412 | Lair:6   | Entered Level 6 of the Lair of Beasts
 25286 | Lair:6   | Noticed Kirke
 25309 | Lair:6   | Killed Kirke
 25371 | Lair:6   | Found a staircase to the Slime Pits.
 26323 | Lair:6   | Found a large runed translucent door.
 26323 | Lair:6   | Found a large runed translucent door.
 26326 | Lair:6   | Reached skill level 1 in Evocations
 26664 | D:9      | Bought a book of Power for 630 gold pieces
 26670 | D:9      | Learned a level 5 spell: Iskenderun's Battlesphere
 27105 | D:11     | You fall into a shaft and drop 2 floors!
 27267 | D:13     | Found a hide-covered altar of Uskayaw.
 27533 | D:12     | Noticed Urug
 27579 | D:12     | Killed Urug
 28434 | D:11     | Reached skill level 5 in Air Magic
 28660 | D:11     | Reached skill level 1 in Staves
 28663 | D:11     | Reached ***** piety under Sif Muna
 29555 | D:10     | Identified Sif Muna's Easy Spellcraft (Sif Muna gifted it
                  | to you on level 10 of the Dungeon)
 29555 | D:10     | Received a gift from Sif Muna
 29556 | D:10     | Reached XP level 15. HP: 88/88 MP: 4/31
 29574 | D:10     | Learned a level 4 spell: Iskenderun's Mystic Blast
 29785 | D:12     | Noticed Jorgrun
 29786 | D:12     | Found a staircase to the Orcish Mines.
 29804 | D:12     | Killed Jorgrun
 30062 | D:12     | Found a large runed translucent door.
 30063 | D:12     | Found a large runed translucent door.
 30935 | D:12     | Found an iron altar of Okawaru.
 30935 | D:12     | Found an iron altar of Okawaru.
 30959 | D:12     | Identified the +0 helmet of the Endless Expanse {Will+
                  | Int+4}
 30964 | D:12     | Identified the +0 ring mail of a Thousand Hells {Drain rF+
                  | Regen+}
 32541 | D:14     | Identified the +8 quarterstaff of the Shimmering Tiger
                  | {antimagic, *Corrode +Blink Int+5}
 32776 | D:14     | Slain by a vault guard

Illustrated notes

Levels and vault maps discovered:
D:1:      tarquinn_simple_flora_water_d, layout_basic, serial_shops, shop_coins
D:2:      layout_basic
D:3:      layout_loops_ring, ebering_ecumenical_altar_hall,
          gammafunk_ghost_arena
D:4:      layout_cave_pools, nrook_uturn, mrwooster_statue_mirror,
          uniq_eustachio
D:5:      layout_basic, nicolae_ru_awakened_eye, temple_hall
D:6:      layout_loops_ring, lemuel_doored_altar, kennysheep_another_room,
          uniq_sigmund, uniq_grinder, uniq_pikel
D:7:      layout_cave_pools, nicolae_wu_jian_wuxing_cycle,
          nicolae_gozag_cash_rules_everything_around_me, enter_bailey_8
D:8:      layout_cave_pools, nicolae_tso_carved_into_rock,
          hellmonk_bongcloud_opening, kennysheep_small_square, uniq_erica
D:9:      kennysheep_blocky_room, layout_small_grid, tgw_fedhas, serial_shops,
          shop, uniq_maurice
D:10:     lemuel_ice_statue, layout_basic, gammafunk_temple_overflow_pools,
          erik_lair_orcish_takeover, hive_lemuel
D:11:     layout_irregular_city
D:12:     okawaru_arena_lexackson, layout_basic, david_orc_3, uniq_jorgrun,
          uniq_urug
D:13:     layout_small_grid, portal_ice_cave_rime,
          hangedman_abyss_or_decor_clamps,
          nicolae_uskayaw_murder_on_the_dancefloor
D:14:     layout_roguey, ximxim_vaults_locker_room, uniq_rupert
Temple:   jpeg_temple_clearing
Lair:1:   minmay_lair_oklob_tunnel, layout_chaotic_city, serial_forest,
          infiniplex_forest_clump_tiny, infiniplex_forest_clump_tiny,
          infiniplex_forest_lined_1, infiniplex_forest_clump_double,
          infiniplex_forest_pool, infiniplex_forest_lined_1,
          infiniplex_forest_fountain
Lair:2:   layout_loops_ring, minmay_shoals_entry_lonely_mermaid,
          gammafunk_ghost_arena
Lair:3:   layout_concentric_octagons, grunt_megastairs_1,
          infiniplex_staircase_pool, minmay_lair_oklob_chamber
Lair:4:   layout_misc_corridors, minmay_snake_entry_guardpost_small,
          grunt_megastairs_3
Lair:5:   layout_roguey, nicolae_lair_grove_arrangements
Lair:6:   cheibrodos_lair_end_hotspot, layout_regular_city,
          nicolae_slime_entry_slimehenge, uniq_kirke

Skill      XL: |  1  2  3  4  5  6  7  8  9 10 11 12 13 14 15 |
---------------+----------------------------------------------+-----
Stealth        | 3 4 5 6 7 |  7.9
Conjurations   | 2 3 4 5 6 8 9 10 12 | 12.2
Fire Magic     | 4 5 7 8 9 10 11 12 | 12.3
Spellcasting   | 3 4 5 6 7 8 9 11 12 | 12.6
Short Blades   | 1 2 3 4 |  4.9
Fighting       | 1 2 3 |  3.4
Dodging        | 3 4 5 |  5.3
Shields        | 1 2 3 |  3.0
Poison Magic   | 2 4 |  4.4
Invocations    | 2 4 5 7 |  7.0
Air Magic      | 2 3 4 5 6 |  6.8
Translocations | 2 3 4 |  4.1
Earth Magic    | 2 4 5 |  5.0
Evocations     | 1 2 |  2.0
Staves         | 1 |  1.0
Axes           | |  0.1
Unarmed Combat | |  0.4

Action                   |  1- 3 |  4- 6 |  7- 9 | 10-12 | 13-15 || total
-------------------------+-------+-------+-------+-------+-------++-------
Melee: Unarmed           |    16 |       |       |       |       ||    16
       Constrict         |     9 |     7 |    23 |    55 |    16 ||   110
       Tentacles         |     4 |     8 |    23 |    56 |    27 ||   118
       Dagger            |     6 |    35 |   115 |   128 |    40 ||   324
       Punch             |       |       |     2 |     1 |       ||     3
       Short sword       |       |       |       |   136 |     5 ||   141
       Hand axe          |       |       |       |    12 |       ||    12
       Staff             |       |       |       |       |    72 ||    72
 Cast: Foxfire           |    55 |    54 |   100 |   206 |   176 ||   591
       Conjure Flame     |       |       |     5 |    18 |    27 ||    50
       Sticky Flame      |       |       |     9 |    44 |    67 ||   120
       Fireball          |       |       |       |    72 |   173 ||   245
       Mephitic Cloud    |       |       |       |    10 |    24 ||    34
       Blink             |       |       |       |     8 |    45 ||    53
       Stone Arrow       |       |       |       |     2 |       ||     2
       Airstrike         |       |       |       |       |    41 ||    41
       Iskenderun's Batt |       |       |       |       |     4 ||     4
Invok: Channel Magic     |       |       |       |     5 |    12 ||    17
Evoke: Piece from Xom's  |       |       |       |     1 |     2 ||     3
       Phial of floods   |       |       |       |       |     2 ||     2
       Wand              |       |       |       |       |    22 ||    22
  Use: Potion            |       |     1 |       |    11 |     7 ||    19
       Scroll            |       |     4 |     2 |     7 |     6 ||    19
 Stab: Sleeping          |     6 |     6 |     8 |     4 |     6 ||    30
       Confused          |       |       |       |     1 |     6 ||     7
       Distracted        |       |       |       |       |     2 ||     2
Armor: Skin              |    17 |     6 |    24 |    34 |    72 ||   153
Dodge: Dodged            |    27 |    42 |    66 |   158 |   168 ||   461
Block: Other             |       |       |    27 |    70 |    61 ||   158
       Reflection        |       |       |       |     4 |     1 ||     5

Table legend: (Time is in decaauts)
 A = Elapsed time spent in this place.
 B = Non-inter-level travel time spent in this place.
 C = Inter-level travel time spent in this place.
 D = Time resting spent in this place.
 E = Time spent auto-exploring this place.
 F = Levels seen in this place.
 G = Mean time per level.
                   A        B        C        D        E       F      G
               +--------+--------+--------+--------+--------+-----+--------+
         Total |  32717 |  31428 |   1289 |   8371 |  15239 |  21 | 1558.0 |
       Dungeon |  20291 |  19244 |   1047 |   4168 |   9957 |  14 | 1449.4 |
        Temple |    104 |     80 |     24 |      0 |     63 |   1 |  104.0 |
          Lair |  12321 |  12104 |    217 |   4203 |   5219 |   6 | 2053.5 |
               +--------+--------+--------+--------+--------+-----+--------+

Top non-repeatable levels by time:
  Lair:3: 2673 daAuts
  Lair:1: 2557 daAuts
     D:9: 2489 daAuts
    D:12: 2370 daAuts
  Lair:2: 2001 daAuts
  Lair:5: 1995 daAuts
  Lair:6: 1931 daAuts
    D:10: 1822 daAuts
     D:6: 1664 daAuts
     D:8: 1548 daAuts
     D:5: 1466 daAuts
     D:4: 1412 daAuts
    D:11: 1305 daAuts
     D:1: 1206 daAuts
     D:7: 1181 daAuts
